 Dungeon Crawl Stone Soup version 0.27-a0-341-g40fdf68bc5 (webtiles) character file.

Game seed: 14855575809864870944

1250 CakeIsGreat the Shield-Bearer (level 8, -2/78 HPs)
             Began as a Gargoyle Fighter on Feb 14, 2021.
             Was an Initiate of Okawaru.
             Slain by Duvessa
             ... wielding a +6 rapier of electrocution
              (6 damage)
             ... on level 4 of the Dungeon.
             The game lasted 00:08:31 (6299 turns).

CakeIsGreat the Shield-Bearer (Gargoyle Fighter)    Turns: 6299, Time: 00:08:32

Health: -2/78      AC: 24    Str: 21    XL:     8   Next: 50%
Magic:  8/8        EV:  2    Int: 10    God:    Okawaru [......]
Gold:   321        SH: 10    Dex:  9    Spells: 7/7 levels left

rFire    . . .     SeeInvis .   q - +1 mace
rCold    . . .     Faith    .   c - +0 kite shield
rNeg     + + +     Spirit   .   (armour currently unavailable)
rPois    ∞         Reflect  .   (helmet currently unavailable)
rElec    .         Harm     .   (cloak currently unavailable)
rCorr    .         Rampage  .   (gloves currently unavailable)
Will     .....     NoTele   +   (boots currently unavailable)
Stlth    +.........             (no amulet)
HPRegen  0.23/turn              h - +4 ring of evasion
MPRegen  0.11/turn              (no ring)

@: tree-form, glowing
A: negative energy resistance 1, petrification resistance, miasma immunity, AC
+5
a: Renounce Religion


You were on level 4 of the Dungeon.
You worshipped Okawaru.
Okawaru was noncommittal.
You were a tree.
You visited 2 branches of the dungeon, and saw 6 of its levels.

You collected 321 gold pieces.

Inventory:

Hand Weapons
 a - a +0 flail
 q - a +1 mace (weapon)
 w - a +1 vorpal dire flail
Missiles
 i - 6 boomerangs (quivered)
 j - 111 stones
Armour
 b - a +0 scale mail (melded)
 c - a +0 kite shield (worn)
 p - a +0 cloak (melded)
 t - a +0 pair of gloves (melded)
Jewellery
 h - a +4 ring of evasion (left branch)
 m - a ring of willpower {unknown}
 r - a ring of positive energy {unknown}
Wands
 s - a wand of digging (5)
Scrolls
 o - a scroll of amnesia
 v - 3 scrolls of identify
Potions
 d - a potion of brilliance
 g - a potion of attraction
 k - a potion of resistance
 l - 2 potions of magic {unknown}
 n - 2 potions of curing {unknown}
 u - a potion of heal wounds {unknown}


   Skills:
 * Level 6.3 Fighting
 * Level 5.2 Maces & Flails
 * Level 6.3 Armour
 * Level 6.4 Shields


You had 7 spell levels left.
You didn't know any spells.
Your spell library contained the following spells:

 Spells                   Type           Power        Failure   Level
 Confusing Touch          Hex            0%           98%         3
 Gell's Gravitas          Tloc           0%           98%         3
 Petrify                  Tmut/Erth      0%           100%        4
 Metabolic Englaciation   Hex/Ice        0%           100%        5
 Yara's Violent Unravell  Hex/Tmut       0%           100%        5


Dungeon Overview and Level Annotations

Branches:
Dungeon (5/15)             Temple (1/1) D:5

Altars:
Cheibriados
Dithmenos
Elyvilon
Fedhas
Gozag
Hepliaklqana
Kikubaaqudgha
Okawaru
Qazlal
Ru
Trog
Wu Jian
Xom
Zin
The Shining One

Annotations:
D:4 Dowan, Duvessa


Innate Abilities, Weirdness & Mutations

You are resistant to torment.
((Your stone body is resilient. (AC +5)))
You are immune to poison.
You resist negative energy. (rN+)
((You are resistant to electric shocks. (rElec)))
((You can survive without breathing.))
You are immune to petrification.
You are immune to miasma.


Message History

Dowan is almost dead.
Duvessa hits you with a +6 rapier of electrocution. x2
* * * LOW HITPOINT WARNING * * *
You block Dowan's attack.
It was a potion of flight.
You feel very buoyant.
You fly up into the air.
You block Duvessa's attack. Dowan hits you but does no damage.
Duvessa hits you but does no damage.
It was a potion of lignification.
You turn into a tree.
Your +0 cloak melds into your body.
Your +0 pair of gloves melds into your body.
Your +0 scale mail melds into your body.
Your roots penetrate the ground.
Dowan hits you but does no damage. Duvessa hits you but does no damage.
You hit Duvessa.
Duvessa is lightly wounded.
You block Duvessa's attack. Dowan gestures at you while chanting.
You block the puff of frost. You block Duvessa's attack.
You barely miss Dowan.
Dowan is almost dead.
Dowan casts a spell.
Dowan blinks!
Duvessa hits you with a +6 rapier of electrocution!
* * * LOW HITPOINT WARNING * * *
Duvessa hits you but does no damage.
You closely miss Duvessa.
Duvessa is lightly wounded.
Duvessa hits you but does no damage.
You hit Duvessa but do no damage.
Duvessa is lightly wounded.
You block Duvessa's attack. x2
You barely miss Duvessa.
Duvessa is lightly wounded.
Duvessa hits you but does no damage. x2; You are electrocuted!
* * * LOW HITPOINT WARNING * * *
You hit Duvessa but do no damage.
Duvessa is lightly wounded.
Duvessa hits you with a +6 rapier of electrocution.
You die...

#.............#.....#....#
#........†....####'##....#
#.............#.....#....#
#####.........#.....#....#
#.........#.....#....#
#.........#.....#....#
#....######.....'....#
#....#...###'####....'
#...e♣...#...........#
#....#####.......#'###
#.....c..>)......#..#.
#................#..#.
#................#..##
#..............[.#..##
######'#..........>.#..#.
#......#....##+..+##...#.
#......#....#............


You could see Duvessa (fast).

Vanquished Creatures
  Sigmund (D:2)
  Edmund (D:4)
  A centaur (D:4)
  2 howler monkeys
  2 hounds
  Crazy Yiuf (D:2)
  An orc priest (D:3)
  3 centaur skeletons (D:4)
  A jelly (D:5)
  10 orc wizards
  4 worker ants (D:4)
  Robin (D:2)
  3 gnolls
  4 adders
  A white imp (D:5)
  2 oozes (D:1)
  3 worms
  A dart slug (D:2)
  A leopard gecko (D:1)
  21 orcs
  5 giant cockroaches
  14 goblins
  12 hobgoblins
  13 jackals
  2 quokkas
  A ball python (D:5)
  A ball python skeleton (D:5)
  13 bats
  3 frilled lizards
  6 kobolds
  2 leopard gecko skeletons
  12 rats
148 creatures vanquished.

Notes
Turn   | Place    | Note
-------+----------+-------------------------------------------
     0 | D:1      | CakeIsGreat the Gargoyle Fighter began the quest for the
                  | Orb.
     0 | D:1      | Reached XP level 1. HP: 14/14 MP: 1/1
    71 | D:1      | Reached XP level 2. HP: 19/19 MP: 2/2
   459 | D:1      | Reached XP level 3. HP: 19/23 MP: 3/3
   779 | D:2      | Found a stormy altar of Qazlal.
   856 | D:2      | Noticed Sigmund
   883 | D:2      | Killed Sigmund
   884 | D:2      | Reached XP level 4. HP: 20/30 MP: 4/4
   884 | D:2      | Reached XP level 5. HP: 22/34 MP: 5/5
  1063 | D:2      | Noticed Robin
  1113 | D:2      | Reached XP level 6. HP: 24/39 MP: 6/6
  1125 | D:2      | Killed Robin
  1746 | D:2      | Found a shadowy altar of Dithmenos.
  1809 | D:2      | Noticed a moth of wrath
  1812 | D:2      | Found a bloodstained altar of Trog.
  1902 | D:2      | Found a runed translucent door.
  1903 | D:2      | Noticed Crazy Yiuf
  1979 | D:2      | Killed Crazy Yiuf
  2319 | D:3      | Found an iron altar of Okawaru.
  2495 | D:3      | Found a sacrificial altar of Ru.
  2884 | D:3      | Reached skill level 5 in Shields
  3092 | D:3      | Reached skill level 5 in Armour
  3228 | D:3      | Found a glowing golden altar of the Shining One.
  3310 | D:4      | Reached skill level 5 in Fighting
  3336 | D:4      | Reached XP level 7. HP: 37/44 MP: 7/7
  4761 | D:3      | Became a worshipper of Warmaster Okawaru
  5079 | D:4      | Reached XP level 8. HP: 49/51 MP: 8/8
  5434 | D:5      | Entered Level 5 of the Dungeon
  5449 | D:5      | Found a staircase to the Ecumenical Temple.
  5534 | Temple   | Entered the Ecumenical Temple
  5822 | D:5      | Noticed Duvessa
  5826 | D:5      | Noticed Dowan
  5832 | D:5      | Reached skill level 5 in Maces & Flails
  6073 | D:5      | Noticed Edmund
  6097 | D:4      | Killed Edmund
  6299 | D:4      | Slain by Duvessa

Illustrated notes

Levels and vault maps discovered:
D:1:      psy_arrival_fountain, layout_basic
D:2:      layout_rooms, marbit_many_paths, tgw_trog, lemuel_crystal_altar,
          chequers_jeans, uniq_crazy_yiuf_cottage, uniq_robin, uniq_sigmund
D:3:      layout_rooms, nicolae_tso_swordbearing_angel,
          nicolae_overflow_hidden_temple, general_overflow_altar, nrook_campfire
D:4:      layout_gridville, skrybe_limestone_x, minmay_mini_jars
D:5:      layout_cave_pools, nemelex_xobeh_ov_fountains_minmay,
          minmay_temple_entry_junction_2, fedhas_altar_fruit_tree, uniq_edmund,
          uniq_duvessa
Temple:   jpeg_temple_island

Skill      XL: |  1  2  3  4  5  6  7  8 |
---------------+-------------------------+-----
Fighting       | 4 5 6 |  6.3
Maces & Flails | 3 4 5 |  5.2
Armour         | 4 5 6 |  6.3
Shields        | 4 5 6 |  6.4

Action                   |  1- 3 |  4- 6 |  7- 9 || total
-------------------------+-------+-------+-------++-------
Melee: Flail             |    91 |   152 |       ||   243
       Mace              |       |   123 |   321 ||   444
Throw: Boomerang         |     6 |       |       ||     6
  Use: Potion            |     1 |       |     2 ||     3
       Scroll            |       |       |     6 ||     6
Armor: Scale mail        |    48 |   157 |   252 ||   457
       Skin              |       |       |     5 ||     5
Dodge: Dodged            |    39 |    77 |   158 ||   274
Block: Kite shield       |    54 |   159 |   241 ||   454

Table legend: (Time is in decaauts)
 A = Elapsed time spent in this place.
 B = Non-inter-level travel time spent in this place.
 C = Inter-level travel time spent in this place.
 D = Time resting spent in this place.
 E = Time spent auto-exploring this place.
 F = Levels seen in this place.
 G = Mean time per level.
                   A        B        C        D        E       F      G
               +--------+--------+--------+--------+--------+-----+--------+
         Total |   6639 |   6277 |    362 |    801 |   3881 |   6 | 1106.5 |
       Dungeon |   6356 |   6015 |    341 |    801 |   3621 |   5 | 1271.2 |
        Temple |    283 |    262 |     21 |      0 |    260 |   1 |  283.0 |
               +--------+--------+--------+--------+--------+-----+--------+

Top non-repeatable levels by time:
     D:4: 2151 daAuts
     D:2: 1817 daAuts
     D:3: 1385 daAuts
     D:1: 781 daAuts
  Temple: 283 daAuts
     D:5: 220 daAuts
